 Dungeon Crawl Stone Soup version 0.32-a0-306-gfed3edf829 (webtiles) character file.

Game seed: 16164829138404941864

476 Sobieck the Ruffian (level 7, -1/48 HPs)
             Began as an Octopode Fighter on Feb 14, 2024.
             Slain by a gnoll
             ... wielding a +0 flail
              (3 damage)
             ... on level 4 of the Dungeon.
             The game lasted 00:06:55 (3138 turns).

Sobieck the Ruffian (Octopode Fighter)              Turns: 3138, Time: 00:06:55

Health: -1/48      AC:  1    Str: 18    XL:     7   Next: 10%
Magic:  7/7        EV: 13    Int: 10    God:
Gold:   213        SH:  4    Dex: 11    Spells: 6/6 levels left

rFire   . .          .
                       - Unarmed
rCold   . . .        a - +0 buckler
rNeg    . . .        (helmet restricted)
rPois   .            q - amulet of the acrobat
rElec   .            (no ring)
rCorr   .            (no ring)
SInv    .            (no ring)
Will    .....        (no ring)
Stlth   +++          (no ring)
HPRegen 0.28/turn    (no ring)
MPRegen 0.10/turn    (no ring)
                     (no ring)

%: acrobat
@: no status effects
A: almost no armour, amphibious, 8 rings, camouflage 1, gelatinous body 1,
(nimble swimmer 1), tentacles
a: no special abilities


You were on level 4 of the Dungeon.
You visited 1 branch of the dungeon, and saw 5 of its levels.

You collected 213 gold pieces.

Inventory:

Hand Weapons
 e - a +0 sling
Missiles
 j - 29 stones
 t - 12 boomerangs (quivered)
Armour
 a - a +0 buckler (worn)
Jewellery
 q - an amulet of the acrobat (around mantle)
Scrolls
 b - a scroll of blinking
 d - a scroll of vulnerability
 g - a scroll of immolation
 m - 2 scrolls of fog
 T - a scroll of teleportation
Potions
 c - a potion of magic
 f - a potion of mutation {unknown}
 k - 3 potions of enlightenment
 o - a potion of heal wounds
 p - 2 potions of might
 Q - a potion of curing


   Skills:
 + Level 4.3 Fighting
 + Level 4.1 Dodging
 + Level 3.7 Stealth
 - Level 4.0 Shields
 * Level 4.6 Unarmed Combat


You had 6 spell levels left.
You didn't know any spells.
Your spell library contained the following spells:

 Spells                   Type           Power      Damage    Failure   Level
 Apportation              Tloc           0%         N/A       43%         1
 Summon Small Mammal      Summ           0%         N/A       43%         1
 Jinxbite                 Hex            0%         N/A       58%         2
 Call Canine Familiar     Summ           0%         N/A       82%         3
 Summon Blazeheart Golem  Fire/Summ      0%         N/A       99%         4
 Alistair's Intoxication  Alch           0%         N/A       100%        5


Dungeon Overview and Level Annotations

Branches:
Dungeon (5/15)
 Temple: D:4-7

Altars:
Dithmenos
Elyvilon
Gozag
Makhleb
Trog
Vehumet


Innate Abilities, Weirdness & Mutations

You cannot wear most types of armour.
You are amphibious.
You can wear up to eight rings at the same time.
Your skin changes colour to match your surroundings (Stealth+).
Your rubbery body absorbs attacks. (AC +1, EV +1)
((You are camouflaged when in or above water. (Stealth+)))
You have tentacles for arms and can constrict up to eight enemies at once.


Message History

No target in view! 2 gnolls come into view.
There are monsters nearby!
There are monsters nearby!
A gnoll comes into view. It is wielding a +0 spear.
You throw a boomerang. The boomerang hits the gnoll.
The gnoll is moderately wounded.
The gnoll shouts! x2; You hear a shout!
You hear an angry growl.
You throw a boomerang. The boomerang closely misses the gnoll.
You throw a boomerang.
The boomerang hits the gnoll but does no damage.
The gnoll is moderately wounded.
An adder comes into view.
A gnoll comes into view. It is wielding a +0 club.
The gnoll shouts!
The gnoll attacks as it pursues you! The gnoll misses you.
You barely miss the gnoll. You grab the gnoll.
The gnoll is moderately wounded.
You constrict the gnoll, but do no damage.
The gnoll hits you with a +0 flail.
A black bear comes into view.
You tentacle-slap the gnoll but do no damage.
The gnoll is moderately wounded.
You constrict the gnoll. The gnoll hits you with a +0 flail!
You block the gnoll's attack.
You release your grip on the gnoll.
The gnoll attacks as it pursues you! The gnoll hits you with a +0 flail!
* * * LOW HITPOINT WARNING * * *
The gnoll attacks as it pursues you!
The gnoll hits you from afar with a +0 spear.
* * * LOW HITPOINT WARNING * * *
The gnoll attacks as it pursues you!
The gnoll hits you from afar with a +0 spear!
* * * LOW HITPOINT WARNING * * *
The gnoll attacks as it pursues you! The gnoll completely misses you.
There is a stone staircase leading up here.
The gnoll hits you with a +0 flail!
* * * LOW HITPOINT WARNING * * *
You climb upwards.
There is a stone staircase leading down here.
Unknown command.
Unknown command.
You closely miss the gnoll. Your grab misses the gnoll.
Your squeeze misses the gnoll.
The gnoll is moderately wounded.
The gnoll closely misses you.
You closely miss the gnoll. Your grab misses the gnoll.
The gnoll is moderately wounded.
The gnoll hits you with a +0 flail.
You die...

....#.## ##..##..........).......
###.#..###...#..............)..)†
# #..#...#.#..#................).
#...........##<................
#...######..######..<....#.....
##..#....#...#####..........##.
###..#.####...#####.............
#....#....#..)#..#..........##..
#....#....#.#..@.............#.)
#..[.##..##...g.........##......
####...........###...#........#.
###..........###..#..........
#......##..# #.##........##
#...##.##.####..#####....##
##..##.#..###..#####.......
#..#.......##...#.##.......
#..#..............##.......


You could see a gnoll.

Vanquished Creatures
  An ogre (D:5)
  A scorpion (D:4)
  A howler monkey (D:4)
  A bombardier beetle (D:4)
  An iguana (D:5)
  A mummy (D:4)
  Robin (D:2)
  4 adders
  A dart slug (D:2)
  2 ribbon worms
  5 orcs (D:4)
  8 ball pythons
  7 bats
  5 endoplasms
  5 giant cockroaches
  11 hobgoblins
  5 jackals (D:2)
  2 quokkas
  2 frilled lizards
  10 goblins
  A hobgoblin zombie (D:4)
  8 kobolds
  A kobold zombie (D:4)
  2 orc zombies (D:4)
  9 rats
95 creatures vanquished.

Notes
Turn   | Place    | Note
-------+----------+-------------------------------------------
     0 | D:1      | Sobieck the Octopode Fighter began the quest for the Orb.
     0 | D:1      | Reached XP level 1. HP: 16/16 MP: 1/1
   129 | D:1      | Reached XP level 2. HP: 18/21 MP: 2/2
   202 | D:1      | Reached skill level 1 in Stealth
   254 | D:1      | Reached XP level 3. HP: 26/26 MP: 3/3
   759 | D:1      | Reached XP level 4. HP: 31/31 MP: 4/4
   951 | D:2      | Reached skill level 3 in Unarmed Combat
  1114 | D:2      | Found a burning altar of Makhleb.
  1144 | D:2      | Noticed Robin
  1155 | D:2      | Killed Robin
  1162 | D:2      | Reached XP level 5. HP: 30/36 MP: 5/5
  1292 | D:2      | Found a faded altar of an unknown god.
  1845 | D:3      | Found a burning altar of Makhleb.
  1845 | D:3      | Found a bloodstained altar of Trog.
  1845 | D:3      | Found a radiant altar of Vehumet.
  1845 | D:3      | Found an opulent altar of Gozag.
  1860 | D:3      | Found a white marble altar of Elyvilon.
  1860 | D:3      | Found a shadowy altar of Dithmenos.
  2135 | D:4      | Reached XP level 6. HP: 22/43 MP: 6/6
  2352 | D:4      | Reached skill level 3 in Stealth
  2864 | D:5      | Entered Level 5 of the Dungeon
  2909 | D:5      | Reached XP level 7. HP: 13/48 MP: 7/7
  3135 | D:5      | HP: 1/48 [gnoll/+0 flail (9)]
  3138 | D:4      | Slain by a gnoll

Illustrated notes

Levels and vault maps discovered:
D:1:      dpeg_arrival_stone_temple_mockup, layout_loops_ring,
          minmay_pentomino_u2
D:2:      kb_forest_paths, layout_basic, basic_altar,
          nicolae_ecumenical_lake_church, minmay_fractal_squares_5, uniq_robin
D:3:      kennysheep_big_flooded_room, layout_rooms, minmay_overflow_temple_hex
D:4:      layout_cave_pools, solitary_fountain, minmay_mini_ossuary
D:5:      layout_loops_cross, temple_statues, serial_shops, nicolae_shop_crystal

Skill      XL: |  1  2  3  4  5  6 |
---------------+-------------------+-----
Stealth        | 1 2 3 |  3.7
Unarmed Combat | 3 4 |  4.6
Fighting       | 4 |  4.3
Dodging        | 4 |  4.1
Shields        | 4 |  4.0

Action                     |  1- 3 |  4- 6 |  7- 9 || total
---------------------------+-------+-------+-------++-------
  Melee: Unarmed           |    81 |   105 |     9 ||   195
         Constrict         |    22 |    30 |     2 ||    54
         Tentacles         |     7 |    20 |     2 ||    29
         Punch             |     3 |     2 |       ||     5
   Fire: Sling             |       |    48 |       ||    48
  Throw: Stone             |       |     4 |       ||     4
         Boomerang         |       |     5 |     3 ||     8
    Use: Scroll            |       |    14 |       ||    14
   Stab: Sleeping          |     3 |     3 |       ||     6
 Armour: Skin              |    33 |    31 |    10 ||    74
  Dodge: Dodged            |    46 |    41 |     5 ||    92
  Block: Buckler           |    18 |    18 |     1 ||    37

Table legend: (Time is in decaauts)
 A = Elapsed time spent in this place.
 B = Non-inter-level travel time spent in this place.
 C = Inter-level travel time spent in this place.
 D = Time resting spent in this place.
 E = Time spent auto-exploring this place.
 F = Levels seen in this place.
 G = Mean time per level.
                   A        B        C        D        E       F      G
               +--------+--------+--------+--------+--------+-----+--------+
         Total |   3150 |   3074 |     76 |    251 |   2175 |   5 |  630.0 |
       Dungeon |   3150 |   3074 |     76 |    251 |   2175 |   5 |  630.0 |
               +--------+--------+--------+--------+--------+-----+--------+

Top non-repeatable levels by time:
     D:2: 859 daAuts
     D:1: 857 daAuts
     D:4: 826 daAuts
     D:3: 426 daAuts
     D:5: 180 daAuts
